 Dungeon Crawl Stone Soup version 0.29.1-12-g30fa7ad0bf (webtiles) character file.

Game seed: 9428055595260621028

162 wormed the Shield-Bearer (level 5, -2/33 HPs)
             Began as a Gargoyle Fighter on Dec 21, 2022.
             Slain by an orc
             ... wielding a +0 whip
              (4 damage)
             ... on level 4 of the Dungeon.
             The game lasted 00:03:26 (2457 turns).

wormed the Shield-Bearer (Gargoyle Fighter)         Turns: 2457, Time: 00:03:27

Health: -2/33      AC: 18    Str: 21    XL:     5   Next: 43%
Magic:  5/5        EV:  5    Int:  9    God:
Gold:   150        SH:  4    Dex:  9    Spells: 4/4 levels left

rFire   . . .      SeeInvis .   s - +0 morningstar
rCold   . . .      Faith    .   c - +0 buckler
rNeg    + . .      Spirit   .   w - +0 plate armour
rPois   ∞          Reflect  .   e - +0 helmet
rElec   +          Harm     .   o - +0 cloak
rCorr   +          Rampage  .   (no gloves)
Will    .....                   (no boots)
Stlth   ..........              (no amulet)
HPRegen 0.11/turn               g - ring of resist corrosion
MPRegen 0.09/turn               (no ring)

@: mighty
A: sickness immunity, AC +4, negative energy resistance 1, electricity
resistance, torment resistance 1, petrification resistance
a: no special abilities


You were on level 4 of the Dungeon.
You visited 1 branch of the dungeon, and saw 4 of its levels.

You collected 150 gold pieces.

Inventory:

Hand Weapons
 s - a +0 morningstar (weapon)
Armour
 c - a +0 buckler (worn)
 e - a +0 helmet (worn)
 o - a +0 cloak (worn)
 w - a +0 plate armour (worn)
Jewellery
 g - a ring of resist corrosion (left hand)
 j - a ring of flight
Wands
 v - a wand of roots (13)
Scrolls
 a - 3 scrolls of blinking {unknown}
 i - 2 scrolls of magic mapping {unknown}
 k - 4 scrolls of identify {unknown}
 l - a scroll of enchant weapon {unknown}
 m - 3 scrolls of teleportation {unknown}
 n - a scroll of noise {unknown}
 r - 2 scrolls of fear {unknown}
Potions
 d - 2 potions of might
 f - 2 potions of heal wounds {unknown}
 h - a potion of curing {unknown}
 p - a potion of attraction {unknown}
 q - a potion of berserk rage {unknown}
 t - a potion of mutation {unknown}
 u - a potion of flight {unknown}


   Skills:
 + Level 4.1 Fighting
 * Level 3.7 Maces & Flails
 + Level 4.1 Armour
 + Level 4.1 Shields


You had 4 spell levels left.
You didn't know any spells.
Your spell library contained the following spells:

 Spells                   Type           Power      Damage    Failure   Level
 Call Canine Familiar     Summ           0%         N/A       100%        3
 Gell's Gravitas          Tloc           0%         N/A       100%        3
 Ignite Poison            Fire/Tmut/Pois 0%         N/A       100%        3
 Mephitic Cloud           Conj/Pois/Air  0%         N/A       100%        3
 Portal Projectile        Hex/Tloc       0%         N/A       100%        3
 Teleport Other           Tloc           0%         N/A       100%        3
 Leda's Liquefaction      Hex/Erth       0%         N/A       100%        4
 Freezing Cloud           Conj/Ice/Air   0%         6-21      100%        5
 Dispersal                Tloc           0%         N/A       100%        6


Dungeon Overview and Level Annotations

Branches:
Dungeon (4/15)
 Temple: D:4-7

Altars:


Innate Abilities, Weirdness & Mutations

You are immune to sickness and miasma.
Your stone body is resilient. (AC +4)
You are immune to poison.
You resist negative energy. (rN+)
You are resistant to electric shocks. (rElec)
You are resistant to unholy torment.
You are immune to petrification.


Message History

You are too injured to fight recklessly!
You are too injured to fight recklessly!
You are too injured to fight recklessly!
You are too injured to fight recklessly!
You are too injured to fight recklessly!
You are too injured to fight recklessly!
You are too injured to fight recklessly!
You are too injured to fight recklessly!
You are too injured to fight recklessly!
You are too injured to fight recklessly!
You are too injured to fight recklessly!
You are too injured to fight recklessly!
You are too injured to fight recklessly!
You are too injured to fight recklessly!
You are too injured to fight recklessly!
You are too injured to fight recklessly!
You are too injured to fight recklessly!
You are too injured to fight recklessly!
You are too injured to fight recklessly!
You hit the orc priest.
The orc priest is heavily wounded.
The orc hits you but does no damage. x2; The orc hits you with a +0 whip.
* * * LOW HITPOINT WARNING * * *
The orc priest hits you but does no damage.
The orc hits you but does no damage. x3; The orc priest barely misses you.
The orc barely misses you. The orc completely misses you.
You closely miss the orc priest.
The orc priest is heavily wounded.
The orc hits you but does no damage. The orc barely misses you.
The orc hits you but does no damage. x2; You block the orc priest's attack.
You feel very mighty all of a sudden. The orc hits you but does no damage.
The orc hits you with a +0 flail!
* * * LOW HITPOINT WARNING * * *
The orc hits you but does no damage. You block the orc priest's attack.
The orc hits you but does no damage.
You barely miss the orc priest.
The orc priest is moderately wounded.
The orc hits you but does no damage. You block the orc's attack.
The orc hits you with a +0 whip.
You die...

##### #...# #...# #...#
####...# #######
#####.oo..)###.....####
......o@...†...........
###.#.oo...#....#..####
#.....##....##....
#.....#......#..###
#....##..##..##.#
#....#..####..#.# ##
####.#..####..#.###.
..##..##..##.#...
#..[...#..#.#†


You could see an orc priest and 4 orcs.

Vanquished Creatures
  2 hounds
  4 adders
  A worm (D:3)
  A dart slug (D:1)
  5 ball pythons
  2 bats
  5 endoplasms
  4 giant cockroaches
  6 goblins
  10 hobgoblins
  3 quokkas
  A frilled lizard (D:1)
  8 kobolds
  11 rats
63 creatures vanquished.

Notes
Turn   | Place    | Note
-------+----------+-------------------------------------------
     0 | D:1      | wormed the Gargoyle Fighter began the quest for the Orb.
     0 | D:1      | Reached XP level 1. HP: 14/14 MP: 1/1
   185 | D:1      | Reached XP level 2. HP: 16/19 MP: 2/2
   474 | D:1      | Found a faded altar of an unknown god.
   989 | D:2      | Reached XP level 3. HP: 22/23 MP: 3/3
  1688 | D:3      | Reached XP level 4. HP: 27/29 MP: 4/4
  2184 | D:3      | Reached XP level 5. HP: 33/33 MP: 5/5
  2457 | D:4      | Slain by an orc

Illustrated notes

Levels and vault maps discovered:
D:1:      dpeg_arrival_castle, layout_basic, shapermc_ecumenical_altar_pompeii,
          minmay_tiny_reverse_x
D:2:      layout_rooms
D:3:      layout_rooms, grunt_decor_mini_mirrors
D:4:      minmay_door_path, layout_basic,
          grunt_temple_overflow_champion_of_chaos, nicolae_ru_path_of_blood,
          gammafunk_ghost_cemetery, minmay_misc_feat_iff, grunt_decor_arrowhead,
          uniq_robin

Skill      XL: |  1  2  3  4  5 |
---------------+----------------+-----
Maces & Flails | 3 |  3.7
Fighting       | 4 |  4.1
Armour         | 4 |  4.1
Shields        | 4 |  4.1

Action                   |  1- 3 |  4- 6 || total
-------------------------+-------+-------++-------
Melee: Flail             |   124 |       ||   124
       Morningstar       |    31 |    66 ||    97
  Use: Potion            |       |     1 ||     1
Armor: Scale mail        |   118 |    28 ||   146
       Plate armour      |       |    28 ||    28
Dodge: Dodged            |    91 |    38 ||   129
Block: Buckler           |    36 |    17 ||    53
